 Dungeon Crawl Stone Soup version 0.23.0 (webtiles) character file.

Game seed: 13632694228272173918

95 Vesto the Skirmisher (level 4, 0/41 HPs)
             Began as a Minotaur Fighter on Feb 9, 2019.
             Slain by Grinder (4 damage)
             ... on level 3 of the Dungeon.
             The game lasted 00:02:02 (551 turns).

Vesto the Skirmisher (Minotaur Fighter)              Turns: 551, Time: 00:02:03

Health: 0/41       AC:  8    Str: 21    XL:     4   Next: 40%
Magic:  3/3        EV:  8    Int:  5    God:
Gold:   16         SH:  9    Dex: 10    Spells: 3/3 levels left

rFire    . . .     SeeInvis .   a - +0 long sword
rCold    . . .     Gourm    .   c - +0 shield
rNeg     . . .     Faith    .   b - +0 scale mail
rPois    .         Spirit   .   (helmet restricted)
rElec    .         Reflect  .   (no cloak)
rCorr    .         Harm     .   i - +0 pair of gloves
MR       .....                  (no boots)
Stlth    ..........             (no amulet)
HPRegen  0.13/turn              (no ring)
MPRegen  0.08/turn              (no ring)

@: no status effects
A: retaliatory headbutt, horns 2
a: no special abilities


You were on level 3 of the Dungeon.
You were not hungry.

You visited 1 branch of the dungeon, and saw 3 of its levels.

You collected 16 gold pieces.

Inventory:

Hand Weapons
 a - a +0 long sword (weapon)
Armour
 b - a +0 scale mail (worn)
 c - a +0 shield (worn)
 i - a +0 pair of gloves (worn)
Scrolls
 g - a scroll of blinking {unknown}
 h - 2 scrolls of teleportation {unknown}
 j - a scroll of identify {unknown}
 k - a scroll of fear {unknown}
 m - a scroll of random uselessness {unknown}
Comestibles
 f - 2 rations
 n - 3 chunks of flesh


   Skills:
 * Level 4.4 Fighting
 * Level 3.4 Long Blades
 + Level 1.1 Throwing
 * Level 4.3 Armour
 + Level 1.2 Dodging
 + Level 3.9 Shields


You had 3 spell levels left.
You didn't know any spells.
Your spell library was empty.

Dungeon Overview and Level Annotations

Branches:
Dungeon (3/15)

Altars:
Ashenzari

Annotations:
D:3 Grinder


Innate Abilities, Weirdness & Mutations

You reflexively headbutt those who attack you in melee.
You have a pair of horns on your head.


Message History

Grinder hits you.
You writhe in agony.
* * * LOW HITPOINT WARNING * * *
You can move again.
Unknown command.
It was a potion of curing.
You feel better. You block Grinder's attack.
It was a potion of magic.
Magic courses through your body. Grinder hits you!
* * * LOW HITPOINT WARNING * * *
You hit Grinder.
Grinder is lightly wounded.
Grinder hits you.
* * * LOW HITPOINT WARNING * * *
You writhe in agony.
* * * LOW HITPOINT WARNING * * *
You barely miss Grinder.
Grinder is lightly wounded.
Grinder hits you but does no damage.
You hit Grinder but do no damage. Your headbutt misses Grinder.
Grinder is lightly wounded.
Grinder hits you.
You die...

*#...##,,,,.#.# *.#.#
##.###.#***#.#**,#.## ####
#####.# #.# #..,,,#..#
...#######...#.# #.#
#.#***##.# #..........[.#.#
#.# #.######.#
#..#######.†.#.# #.#
#......... ...# #**##....#
#)#####.#######. ...#
*#≈≈♣≈♣.(.###..........# *.
...#
*PP≈≈≈≈≈.♣♣@5........### *P
.#.#**P≈≈≈≈≈≈.≈≈≈####.###.#
*♣ ...#*≈≈≈≈P≈≈≈.P≈≈♣**#.#
*.# <###*♣≈≈≈≈P≈≈.≈P≈♣≈*#.#
*.# .#
#♣≈≈≈≈≈≈.≈≈≈P♣*#.###.# .#
*P≈≈≈≈≈≈.≈≈P≈♣*♣.....# * .#
*≈♣♣♣≈≈≈.≈≈≈≈P♣♣.##### * .#
****♣≈≈≈.≈≈≈≈P♣♣♣.#***** **
.# *≈♣♣≈≈.≈≈≈≈≈≈≈♣♣.....#
*,


You could see Grinder.

Vanquished Creatures
  An orc wizard (D:3)
  An adder (D:3)
  2 oozes
  A dart slug (D:3)
  2 leopard geckos
  5 orcs
  3 bats
  2 giant cockroaches
  3 goblins
  2 hobgoblins (D:3)
  10 jackals (D:3)
  4 kobolds
  A ball python (D:2)
  A frilled lizard (D:3)
  3 rats
  A plant (D:3)
42 creatures vanquished.

Notes
Turn   | Place    | Note
-------+----------+-------------------------------------------
     0 | D:1      | Vesto the Minotaur Fighter began the quest for the Orb.
     0 | D:1      | Reached XP level 1. HP: 19/19 MP: 0/0
   186 | D:2      | Reached XP level 2. HP: 27/27 MP: 1/1
   228 | D:2      | Found a shattered altar of Ashenzari.
   256 | D:3      | Reached XP level 3. HP: 28/33 MP: 2/2
   390 | D:3      | Reached skill level 1 in Throwing
   390 | D:3      | Reached skill level 1 in Dodging
   394 | D:3      | Reached XP level 4. HP: 29/40 MP: 3/3
   541 | D:3      | Noticed Grinder
   544 | D:3      | Paralysed by Grinder for 3 turns
   551 | D:3      | Slain by Grinder

Skill      XL: |  1  2  3 |
---------------+----------+-----
Fighting       | 4 |  4.4
Armour         | 4 |  4.3
Long Blades    | 3 |  3.4
Throwing       | 1 |  1.1
Dodging        | 1 |  1.2
Shields        | |  3.9

Action                   |  1- 3 |  4- 6 || total
-------------------------+-------+-------++-------
Melee: Long sword        |    67 |    28 ||    95
       Headbutt          |    17 |     5 ||    22
  Use: Potion            |     1 |     2 ||     3
       Scroll            |       |     2 ||     2
Armor: Scale mail        |    15 |    18 ||    33
Dodge: Dodged            |    14 |    14 ||    28
Block: Shield            |    17 |    17 ||    34
       Rpst.: Long sword |     1 |     6 ||     7
